 Dungeon Crawl Stone Soup version 0.17-a0-1450-g7e755d1 (webtiles) character file.

204 Sirial the Insei (level 5, 0/42 HPs)
             Began as a Demonspawn Monk on June 30, 2015.
             Succumbed to Sirial's ghost's poison
             ... on level 3 of the Dungeon.
             The game lasted 00:06:38 (1313 turns).

Sirial the Insei (Demonspawn Monk)                  Turns: 1313, Time: 00:06:38

Health: 0/42       AC:  6    Str: 11    XL:     5   Next: 52%
Magic:  3/5        EV: 14    Int: 11    God:
Gold:   49         SH:  0    Dex: 17    Spells: 0 memorised, 4 levels left

rFire  . . .     SeeInvis .       - Unarmed
rCold  . . .     Clarity  .     a - +0 robe
rNeg   . . .     SustAt   .     (no shield)
rPois  .         Gourm    .     (no helmet)
rElec  .         Spirit   .     (no cloak)
rCorr  .         Warding  .     (no gloves)
rMut   .         Stasis   .     (no boots)
MR     .....                    (no amulet)
Stlth  ++........               (no ring)
                                (no ring)

@: lethally poisoned (0 -> -3), not resistant to hostile enchantments,
unstealthy
A: claws 1, iridescent scales 1, spiny 1
a: no special abilities


You were on level 3 of the Dungeon.
You were hungry.

You visited 1 branch of the dungeon, and saw 3 of its levels.

You collected 49 gold pieces.

Inventory:

Hand weapons
 m - a +0 quarterstaff
Missiles
 d - 24 poisoned needles
Armour
 a - a +0 robe (worn)
 c - a +0 hat
Jewellery
 j - an uncursed ring of protection from cold {unknown}
Scrolls
 e - a scroll of identify
 h - a scroll of teleportation {unknown}
 k - 2 scrolls of remove curse {unknown}
 l - a scroll of fog {unknown}
 n - 2 scrolls of noise {unknown}
 o - a scroll of magic mapping
 p - a scroll of enchant weapon {unknown}
 r - a scroll of fear {unknown}
 s - a scroll of enchant armour {unknown}
Potions
 i - 3 potions of lignification
Books
 q - a book of Annihilations

   Spells                             Type                      Level
   a - Poison Arrow                   Conjuration/Poison           6
   b - Chain Lightning                Conjuration/Air              8
   c - Lehudib's Crystal Spear        Conjuration/Earth            8
   d - Glaciate                       Conjuration/Ice              9
   e - Fire Storm                     Conjuration/Fire             9
Comestibles
 b - 3 bread rations
 f - 3 fruits
 g - 2 meat rations


   Skills:
 + Level 4.1 Fighting
 + Level 3.8 Dodging
 + Level 2.3 Stealth
 + Level 4.6 Unarmed Combat


You had 4 spell levels left.
You didn't know any spells.

Dungeon Overview and Level Annotations

Branches:
Dungeon (3/15)

Altars:
Xom


Innate Abilities, Weirdness & Mutations

You have sharp fingernails.
You are partially covered in iridescent scales (AC +4).
You are partially covered in sharp spines.


Message History

Sirial's ghost misses you.
You barely miss Sirial's ghost.
Sirial's ghost is almost destroyed.
You feel sick. Sirial's ghost hits you.
* * * LOW HITPOINT WARNING * * *
You feel your power leaking away.
You closely miss Sirial's ghost.
Sirial's ghost is almost destroyed.
Sirial's ghost misses you.
You scratch Sirial's ghost but do no damage.
Sirial's ghost is almost destroyed.
Sirial's ghost closely misses you.
You scratch Sirial's ghost.
You destroy Sirial's ghost!
Your Fighting skill increases to level 4!
Your Stealth skill increases to level 2!
You have reached level 5!
Your demonic ancestry asserts itself...
Sharp spines emerge from parts of your body.
You die...

♣.♣ ♣.♣ ♣.♣
♣.♣ ♣.♣♣ ♣♣.♣♣
♣♣.♣
#.########..##
#.....@.......
##############


There were no monsters in sight!

Vanquished Creatures
  The ghost of Sirial the Skirmisher, an average DsCK of Xom (D:3)
  A worker ant (D:3)
  An adder (D:3)
  An ooze (D:1)
  A worm (D:2)
  An orc (D:3)
  4 bats
  4 hobgoblins
  2 giant geckos
  6 giant newts
  5 goblins
  7 kobolds
  8 rats
42 creatures vanquished.

Notes
Turn   | Place    | Note
--------------------------------------------------------------
     0 | D:1      | Sirial the Demonspawn Monk began the quest for the Orb.
     0 | D:1      | Reached XP level 1. HP: 18/18 MP: 1/1
   197 | D:1      | Gained mutation: You have sharp fingernails. [demonic ancestry]
   197 | D:1      | Reached XP level 2. HP: 21/24 MP: 2/2
   533 | D:2      | Reached skill level 4 in Unarmed Combat
   648 | D:2      | Found a shimmering altar of Xom.
   648 | D:2      | Found a shimmering altar of Xom.
   653 | D:2      | Found a shimmering altar of Xom.
   655 | D:2      | Found a shimmering altar of Xom.
   657 | D:2      | Found a shimmering altar of Xom.
   657 | D:2      | Found a shimmering altar of Xom.
   950 | D:2      | Gained mutation: You are partially covered in iridescent scales (AC +4). [demonic ancestry]
   950 | D:2      | Reached XP level 3. HP: 19/29 MP: 3/3
  1202 | D:3      | Reached XP level 4. HP: 16/36 MP: 4/4
  1286 | D:3      | Noticed Sirial's ghost (average DsCK)
  1310 | D:3      | HP: 1/36 [Sirial's ghost (4)]
  1313 | D:3      | Killed Sirial's ghost
  1313 | D:3      | Gained mutation: You are partially covered in sharp spines. [demonic ancestry]
  1313 | D:3      | Reached XP level 5. HP: 1/42 MP: 3/5
  1313 | D:3      | Succumbed to Sirial's ghost's poison

Vault maps used:
D:1:      dpeg_arrival_fog
D:2:      xom_redecorated, first_bread
D:3:      forest_paths, kiku_gazebo_garden_becter, uniq_terence

Action                   |  1- 3 |  4- 6 || total
-------------------------+-------+-------++-------
Melee: Unarmed           |    97 |    35 ||   132
  Use: Scroll            |     4 |       ||     4
       Potion            |     1 |     2 ||     3
 Stab: Sleeping          |     3 |       ||     3
  Eat: Fruit             |     1 |       ||     1
